Map: Blueshift LE

Players

Mesrob

  • Race: Terran Terran
  • League: Gold
  • Spawn Location: 1:00

TheLazyGit - Winner!

  • Race: Protoss Protoss
  • League: Gold
  • Spawn Location: 7:00

VOD

Have the link to the VOD?

Description

Time

  • Played on: Jan. 16, 2019, 11:29 a.m.
  • Length: 4:57
Show
View Real Time Build Order
Export as new Build Order

Mesrob Terran 

Build Orders: 2 Factory 

Get SALT Encoding   

  12  0:00  SCV  
  13  0:12  SCV  
  14  0:17  Supply Depot  
  14  0:24  SCV  
  15  0:39  SCV  
  15  0:41  Barracks  
  16  0:51  SCV  
  16  0:53  Refinery  
  17  1:03  SCV  
  18  1:15  SCV  
  19  1:28  Orbital Command  
  19  1:38  Marine  
  20  1:40  Command Center  
  20  1:53  Supply Depot  
  20  1:59  SCV  
  21  2:10  Factory  
  21  2:16  Supply Depot  
  21  2:18  Barracks Reactor  
  21  2:27  SCV  
  22  2:37  Refinery  
  22  2:39  Supply Depot, SCV  
  23  2:51  SCV  
  23  2:55  Orbital Command  
  24  3:02  Supply Depot  
  24  3:04  SCV  
  25  3:10  Factory  
  24  3:16  SCV  
  25  3:23  Hellion  
  25  3:24  Hellion  
  29  3:28  SCV  
  29  3:36  Armory  
  28  3:42  Marine  
  29  3:56  Factory Tech Lab  
  17  4:17  Cyclone  
  20  4:26  Engineering Bay  
Show
View Real Time Build Order
Export as new Build Order

TheLazyGit Protoss - Winner!

Build Orders: Oracle Opening 

Get SALT Encoding   

  12  0:02  Probe  
  14  0:14  Probe  
  14  0:17  Pylon  
  14  0:26  Probe  
  15  0:36  Probe, Gateway  
  16  0:44  Probe  
  16  0:48  Assimilator  
  17  0:53  Assimilator  
  17  1:01  Pylon  
  17  1:04  Probe  
  18  1:24  Cybernetics Core  
  18  1:26  Probe  
  19  1:38  Probe  
  20  1:50  Probe  
  20  1:51  Stalker  
  23  2:06  Pylon  
  23  2:10  Probe  
  24  2:16  Warp Gate  
  24  2:24  Stargate  
  24  2:41  Nexus  
  24  2:50  Pylon  
  24  2:54  Stalker  
  26  3:03  Oracle  
  26  3:19  Stargate  
  29  3:23  Assimilator  
  29  3:31  Oracle, Probe  
  33  3:43  Probe  
  34  3:54  Oracle  
  34  4:02  Probe x2  
  37  4:20  Robotics Facility  
  37  4:22  Probe  
  37  4:30  Probe  
  39  4:39  Probe  
Tags
 
Add a new tag
Caveats
  • Supply blocks, unpowered buildings, or Contaminate may cause inaccurate times.
  • Supply counts are checked every 10 seconds.